cohdb
Replays
Latest Replays
All Replays
Popular Replays
Top Player Replays
Match Explorer
How It Works
Community
CoH3 Stats
Reddit
Sign in to upload your games and track your stats! →
Sign in with Steam
Match 36265854
Unlisted
Match 36265854
Overview
Messages
Build Orders
End
Construct Barracks
Selects Airborne Battlegroup
Selects Heavy Machine Gun Paradrop
Heavy Machine Gun Paradrop
Riflemen Squad
1⁄4-ton 4x4 Truck
Engineer Squad
Selects Paratrooper Squad Paradrop
Paratrooper Squad Paradrop
Paratrooper Squad Paradrop
Infantry Support Center
Construct Tank Depot
Selects Anti-tank Gun Team Paradrop
Anti-tank Gun Team Paradrop
M4(105) Sherman Bulldozer
Anti-tank Gun Team Paradrop
Selects Recon Loiter
Engineer Squad
M18 Hellcat Tank Destroyer
Recon Loiter
Anti-tank Gun Team Paradrop
Moenk
cranecrusher
deadsadbadmad
Alessandro-9891
0
0
Comments
sign in to comment!
No comments posted yet!